 Dungeon Crawl Stone Soup version 0.29.1-12-g30fa7ad0bf (webtiles) character file.

Game seed: 14402672337250721669

32 cdecastro the Changer (level 3, -1/25 HPs)
             Began as a Vampire Transmuter on Dec 13, 2022.
             Killed from afar by an orc wizard (12 damage)
             ... with a magic dart
             ... on level 2 of the Dungeon.
             The game lasted 00:02:15 (603 turns).

cdecastro the Changer (Vampire Transmuter)           Turns: 603, Time: 00:02:16

Health: -1/25      AC:  2    Str: 11    XL:     3   Next: 8%
Magic:  6/6        EV: 12    Int: 15    God:
Gold:   64         SH:  0    Dex: 14    Spells: 5/6 levels left

rFire   . . .      SeeInvis +     - Unarmed
rCold   . . .      Faith    .   (no shield)
rNeg    . . .      Spirit   .   a - +0 robe
rPois   .          Reflect  .   (no helmet)
rElec   .          Harm     .   (no cloak)
rCorr   .          Rampage  .   (no gloves)
Will    .....                   (no boots)
Stlth   +.........              (no amulet)
HPRegen 0.28/turn               (no ring)
MPRegen 0.10/turn               (no ring)

@: healing quickly
A: alive, fangs 3, see invisible, vampiric 2
a: Exsanguinate


You were on level 2 of the Dungeon.
You visited 1 branch of the dungeon, and saw 2 of its levels.

You collected 64 gold pieces.

Inventory:

Armour
 a - a +0 robe (worn)
Scrolls
 c - a scroll of identify {unknown}
 d - 2 scrolls of teleportation {unknown}
Potions
 b - 2 potions of lignification
 e - a potion of attraction {unknown}
 f - a potion of flight {unknown}


   Skills:
 - Level 0.8 Fighting
 - Level 2.1 Dodging
 - Level 3.2 Unarmed Combat
 - Level 2.0 Spellcasting
 * Level 4.0 Transmutations


You had 5 spell levels left.
You knew the following spells:

 Your Spells              Type           Power      Damage    Failure   Level
a - Beastly Appendage     Tmut           26%        N/A       4%          1

Your spell library contained the following spells:

 Spells                   Type           Power      Damage    Failure   Level
 Wereblood                Tmut           13%        N/A       6%          2
 Spider Form              Tmut/Pois      7%         N/A       28%         3
 Ice Form                 Ice/Tmut       7%         N/A       67%         4


Dungeon Overview and Level Annotations

Branches:
Dungeon (2/15)

Altars:


Innate Abilities, Weirdness & Mutations

Your natural rate of healing is accelerated.
You have razor-sharp teeth.
You have supernaturally acute eyesight. (SInv)
You are afflicted with vampirism and can become a bat while bloodless.


Message History

Magic restored.
An orc wizard comes into view. It is wielding a +0 dagger.
The orc wizard shouts!
You hear a shout! x3
You see here a bat corpse.
An orc wizard is nearby!
An orc wizard is nearby!
An orc wizard is nearby!
The orc wizard hits you with a +0 dagger.
You closely miss the orc wizard. Your kick misses the orc wizard.
You headbutt the orc wizard.
The orc wizard is moderately wounded.
The orc wizard barely misses you.
You barely miss the orc wizard. Your headbutt misses the orc wizard.
The orc wizard is moderately wounded.
The orc wizard barely misses you.
You closely miss the orc wizard.
The orc wizard is moderately wounded.
An orc comes into view. It is wielding a +0 club.
The orc wizard hits you but does no damage.
You closely miss the orc wizard.
You claw the orc wizard, but do no damage.
The orc wizard is moderately wounded.
The orc wizard hits you but does no damage.
You hit the orc wizard.
The orc wizard is heavily wounded.
Your horns disappear.
Your talons disappear.
The orc wizard closely misses you.
You hit the orc wizard but do no damage.
The orc wizard is heavily wounded.
The orc wizard barely misses you.
An orc priest comes into view. It is wielding a +0 hand axe.
You hit the orc wizard.
The orc wizard is severely wounded.
The orc priest mumbles some strange prayers to Beogh against you.
Beogh smites you!
Ouch! That really hurt!
* * * LOW HITPOINT WARNING * * *
The orc wizard casts a spell at you. The magic dart hits you!
You die...

..# ..# #..
# ..# #.#
.# ..###.#
##.
o..#.##..
.o...#.# #
#o#..#.#.#
#@#.....>#
#.†....#
#.#####.###
#.......<#
####....<#
#.....#
#.....#
#.....#
.....###


You could see an orc priest, an orc wizard and an orc.

Vanquished Creatures
  4 ball pythons (D:1)
  3 giant cockroaches (D:1)
  3 goblins (D:1)
  3 hobgoblins (D:1)
  3 jackals (D:1)
  3 kobolds (D:1)
  A quokka (D:1)
  3 bats
  4 frilled lizards (D:1)
  2 rats (D:1)
29 creatures vanquished.

Notes
Turn   | Place    | Note
-------+----------+-------------------------------------------
     0 | D:1      | cdecastro the Vampire Transmuter began the quest for the
                  | Orb.
     0 | D:1      | Reached XP level 1. HP: 14/14 MP: 3/3
   180 | D:1      | Reached skill level 3 in Transmutations
   180 | D:1      | Reached XP level 2. HP: 20/20 MP: 3/5
   468 | D:1      | Gained mutation: You are afflicted with vampirism and can
                  | become a bat while bloodless. [Vampire growth]
   468 | D:1      | Reached XP level 3. HP: 16/25 MP: 6/6
   589 | D:2      | Reached skill level 4 in Transmutations
   603 | D:2      | Killed from afar by an orc wizard

Illustrated notes

Levels and vault maps discovered:
D:1:      shiori_arrival_maze, layout_rooms
D:2:      layout_loops_cross, ebering_ecumenical_altar_hall, serial_shops,
          nicolae_shop_trees

Skill      XL: |  1  2  3 |
---------------+----------+-----
Transmutations | 3 4 |  4.0
Fighting       | |  0.8
Dodging        | |  2.1
Unarmed Combat | |  3.2
Spellcasting   | |  2.0

Action                   || total
-------------------------++-------
Melee: Unarmed           ||    70
       Kick              ||    13
       Headbutt          ||     7
       Bite              ||     2
       Punch             ||     1
 Cast: Beastly Appendage ||    13
 Stab: Sleeping          ||     2
Armor: Robe              ||    13
Dodge: Dodged            ||    51
